 Dungeon Crawl Stone Soup version 0.29-a0-284-gf9362112df (webtiles) character file.

Game seed: 4172014965526490820

57856 ooooo the Devastator (level 14, -19/88 HPs)
             Began as an Octopode Conjurer on Mar 29, 2022.
             Was an Initiate of Gozag.
             Killed by an exploding fulminant prism (41 damage)
             ... in an ice cave on Mar 30, 2022.
             The game lasted 01:31:36 (24519 turns).

ooooo the Devastator (Octopode Conjurer)           Turns: 24519, Time: 01:31:41

Health: -19/88     AC:  1    Str: 13    XL:     14   Next: 88%
Magic:  17/36      EV: 14    Int: 30    God:    Gozag
Gold:   4008       SH:  5    Dex:  9    Spells: 12/31 levels left

rFire   + + .      SeeInvis +   O - +5 trident of Brutal Revenge {vorpal, rElec Will+ Int+6 Dex-2 SInv}
rCold   + . .      Faith    .   a - +1 buckler
rNeg    + . .      Spirit   .   (helmet restricted)
rPois   +          Reflect  .   b - amulet of magic regeneration
rElec   +          Harm     .   k - ring of protection from fire
rCorr   +          Rampage  .   m - ring of magical power
Will    ++...                   G - ring of positive energy
Stlth   +++++.....              T - ring of resist corrosion
HPRegen 0.24/turn               e - +6 ring of strength
MPRegen 0.65/turn               (no ring)
                                (no ring)
                                (no ring)

@: resistant, gold aura
A: almost no armour, amphibious, 8 rings, camouflage 1, gelatinous body 1,
(nimble swimmer 1), tentacles
a: Renounce Religion, Potion Petition, Call Merchant, Bribe Branch


You were in an ice cave.
You worshipped Gozag.
Gozag was most pleased with you.
You visited 4 branches of the dungeon, and saw 19 of its levels.
You also visited: Ice Cave.

You collected 4146 gold pieces.
You paid 138 gold pieces to Gozag.

Inventory:

Hand Weapons
 f - a +3 demon trident of electrocution
 s - a +3 dagger
 y - a +1 dagger of electrocution
 C - the +11 hand axe of Experimentation {freeze, rF- Int+6}
   (You found it on level 11 of the Dungeon)

   It freezes those it strikes, dealing additional cold damage.
   It can also slow down cold-blooded creatures.
   Int:       It affects your intelligence (+6).
   rF:        It makes you vulnerable to fire.
 K - a +3 great sword of freezing
 M - the +12 glaive of Prune {vorpal}
   (You took it off an orc wizard on level 11 of the Dungeon)

   It inflicts extra damage upon your enemies.
   It halves damage taken while paralysed, petrified or unconscious.
 O - the +5 trident of Brutal Revenge (weapon) {vorpal, rElec Will+ Int+6 Dex-2 SInv}
   (You found it on level 3 of the Lair of Beasts)

   It inflicts extra damage upon your enemies.
   Int:       It affects your intelligence (+6).
   Dex:       It affects your dexterity (-2).
   rElec:     It insulates you from electricity.
   SInv:      It lets you see invisible.
   Will:      It increases your willpower.
 S - the +10 hand axe "Caoc" {protect, rC+}
   (You found it on level 5 of the Lair of Beasts)

   It grants its wielder temporary protection when it strikes (+7 to AC).
   rC:        It protects you from cold.
Missiles
 r - 5 curare-tipped darts
Armour
 a - a +1 buckler (worn)
Jewellery
 b - an amulet of magic regeneration (around mantle)
 e - a +6 ring of strength (on tentacle)
 h - a ring of poison resistance
 k - a ring of protection from fire (left tentacle)
 m - a ring of magical power (right tentacle)
 G - a ring of positive energy (on tentacle)
 T - a ring of resist corrosion (on tentacle)
Wands
 j - a wand of charming (5)
 w - a wand of paralysis (22)
 z - a wand of mindburst (11)
 A - a wand of polymorph (9)
 B - a wand of flame (25)
 F - a wand of iceblast (3)
 H - a wand of digging (1)
Scrolls
 g - 2 scrolls of silence
 l - 8 scrolls of teleportation
 n - 2 scrolls of vulnerability
 p - 6 scrolls of immolation
 I - a scroll of holy word
 N - 2 scrolls of blinking
 R - 2 scrolls of identify
 X - a scroll of enchant armour
Potions
 c - a potion of haste
 d - 2 potions of cancellation
 i - 10 potions of curing
 o - 2 potions of brilliance
 q - 3 potions of attraction
 t - 2 potions of might
 u - 5 potions of heal wounds
 v - 3 potions of lignification
 x - 2 potions of resistance
 D - 4 potions of flight
 J - a potion of mutation
 P - 2 potions of berserk rage
 W - a potion of magic
Miscellaneous
 L - a phantom mirror
 Q - a condenser vane (inert)
 U - a lightning rod (4/4)
 V - a box of beasts
 Y - a tin of tremorstones (2/2)


   Skills:
 - Level 5.5 Fighting
 - Level 6.0 Dodging
 - Level 8.7 Stealth
 - Level 2.5 Shields
 - Level 9.1 Spellcasting
 * Level 15.2 Conjurations
 - Level 11.8 Hexes
 - Level 10.0 Translocations
 * Level 1.9 Fire Magic
 - Level 5.7 Evocations


You had 12 spell levels left.
You knew the following spells:

 Your Spells              Type           Power      Damage    Failure   Level
a - Searing Ray           Conj           100%       2d8       0%          2
c - Fulminant Prism       Conj/Hex       38%        3d18      1%          4
d - Iskenderun's Mystic   Conj/Tloc      74%        2d15      1%          4
s - Fire Storm            Conj/Fire      30%        8d8       100%        9

Your spell library contained the following spells:

 Spells                   Type           Power      Damage    Failure   Level
 Magic Dart               Conj           100%       1d8       0%          1
 Apportation              Tloc           100%       N/A       1%          1
 Blink                    Tloc           100%       N/A       1%          2
 Ensorcelled Hibernation  Hex/Ice        98%        N/A       1%          2
 Dazzling Flash           Conj/Hex       100%       N/A       1%          3
 Gell's Gravitas          Tloc           65%        N/A       1%          3
 Lesser Beckoning         Tloc           65%        N/A       1%          3
 Teleport Other           Tloc           65%        N/A       1%          3
 Iskenderun's Battlesphe  Conj           81%        2d13      1%          5
 Manifold Assault         Tloc           65%        N/A       2%          5
 Animate Skeleton         Necr           26%        N/A       4%          1
 Pain                     Necr           52%        1d6       4%          1
 Summon Small Mammal      Summ           52%        N/A       4%          1
 Anguish                  Hex/Necr       24%        N/A       4%          4
 Irradiate                Conj/Tmut      28%        3d23      6%          5
 Passwall                 Tmut/Erth      10%        N/A       8%          2
 Dispersal                Tloc           32%        N/A       12%         6
 Spider Form              Tmut/Pois      13%        N/A       16%         3
 Swiftness                Air            13%        N/A       16%         3
 Vampiric Draining        Necr           13%        2d6       16%         3
 Blade Hands              Tmut           6%         N/A       80%         5
 Borgnjor's Vile Clutch   Necr/Erth      6%         N/A       80%         5
 Dragon Form              Tmut           6%         N/A       100%        7


Dungeon Overview and Level Annotations

Branches:
Dungeon (11/15)            Temple (1/1) D:6            Lair (6/6) D:9
 Shoals (0/4) Lair:2        Snake (0/4) Lair:4        Slime (0/5) Lair:5
    Orc (1/2) D:11          IceCv (1/1)

Altars:
Ashenzari
Cheibriados
Dithmenos
Elyvilon
Fedhas
Gozag
Hepliaklqana
Kikubaaqudgha
Makhleb
Okawaru
Ru
Sif Muna
Trog
Uskayaw
Vehumet
Wu Jian
Xom
Yredelemnul
Zin
The Shining One
Jiyva

Shops:
D:8 ([*(

Annotations:
Lair:2 exclusions: catoblepas and door
Lair:3 1 runed translucent door, enile's ghost, journeyman DgAE IceCv exclusion: 2 ice statues


Innate Abilities, Weirdness & Mutations

You cannot wear most types of armour.
You are amphibious.
You can wear up to eight rings at the same time.
Your skin changes colour to match your surroundings (Stealth+).
Your rubbery body absorbs attacks. (AC +1, EV +1)
((You are camouflaged when in or above water. (Stealth+)))
You have tentacles for arms and can constrict up to eight enemies at once.


Message History

Confirm with . or Enter, or press ? or * to list all spells.
You erupt in a blast of force!
The mystic blast hits the freezing wraith!
You destroy the freezing wraith!
The ice statue gestures at you. The freezing blast engulfs you! You resist.
You enter the transporter and appear at another place.
There is a transporter here.
You enter the transporter and appear at another place.
The ice statue gestures at you. The bolt of cold hits you! You resist.
The ice statue gestures at you. The bolt of cold hits you. You resist.
The ice statue gestures.
Casting: Iskenderun's Mystic Blast (safe; 1% risk of failure)
Confirm with . or Enter, or press ? or * to list all spells.
Aiming: Fulminant Prism (safe; 1% risk of failure)
Press: ? - help, Dir - move target You conjure a prism of explosive energy!
A fulminant prism comes into view.
The ice beast hits your fulminant prism.
The ice beast freezes your fulminant prism.
Your fulminant prism resists.
You feel better.
The ice beast hits your fulminant prism.
The ice beast freezes your fulminant prism.
Your fulminant prism resists.
Your fulminant prism crackles loudly.
The ice statue gestures at you. The freezing blast engulfs you. You resist.
The ice statue glitters chillingly in the dim dungeon light.
The ice statue gestures.
You are engulfed in freezing vapours.
You resist.
* * * LOW HITPOINT WARNING * * *
Your fulminant prism explodes!
The blast of energy engulfs the ice beast!
The ice beast is heavily wounded.
The blast of energy engulfs you!!!
You die...
Your body crumbles into a pile of gold.

#### ##### #©.##
###...####
#$.8####........##
#...8##..........##
#8...8#...........##
#.Y.@☼#.[..8.......#
#?$☼§§#8...........#
#?).§☼#©©........∩∩#
#})○☼○#8.(.........#
#.....#....8.......#
#8...8#...........##
#.Y.8##..........##
#..8####........##
#∩.# ###...####


You could see 2 ice statues and 2 ice beasts.

Vanquished Creatures
  3 boulder beetles
  4 hydras
  2 two-headed ogres (D:11)
  3 death yaks (Lair:4)
  Urug (Lair:4)
  An orc knight (Orc:1)
  A deep elf pyromancer (D:11)
  A wolf spider (Lair:3)
  4 ugly things
  3 cyclopes (D:11)
  3 manticores (D:11)
  12 elephants
  3 black mambas
  Maggie (D:6)
  A kobold demonologist (D:11)
  9 cane toads
  An unseen horror (D:11)
  Psyche (D:8)
  11 komodo dragons
  3 freezing wraiths
  6 rime drakes
  2 trolls (D:11)
  8 polar bears
  8 hornets
  A dream sheep (Lair:6)
  12 blink frogs
  2 slime creatures (D:11)
  2 shadows
  3 wraiths
  A wyvern (D:10)
  14 spriggans (Lair:6)
  45 yaks
  4 basilisks
  A death yak simulacrum (IceCv)
  4 steam dragons
  2 nagas (Lair:4)
  3 vampire mosquitoes (D:11)
  Edmund (D:4)
  2 acid dragons (D:11)
  Duvessa (D:4)
  23 water moccasins
  6 black bears
  2 orc warriors
  4 ogres
  33 wolves
  3 boggarts (Lair:6)
  4 centaurs (D:9)
  3 phantoms (D:6)
  3 kobold brigands (D:7)
  8 bullfrogs
  2 scorpions (D:5)
  Dowan (D:4)
  21 wights
  An elephant simulacrum (IceCv)
  3 howler monkeys
  2 electric eels (Lair:1)
  A crimson imp (D:8)
  3 jellies
  4 hounds
  6 orc priests
  An iguana (D:6)
  5 orc wizards
  A polar bear simulacrum (IceCv)
  4 gnolls (D:2)
  19 adders
  A shadow imp (D:8)
  3 white imps
  An ufetubus (D:5)
  2 dart slugs
  25 orcs
  6 ball pythons
  3 bats
  5 endoplasms
  2 giant cockroaches
  4 goblins
  8 hobgoblins
  4 jackals (D:3)
  17 kobolds
  5 quokkas
  4 frilled lizards
  4 rats
  2 fulminant prisms
449 creatures vanquished.

Vanquished Creatures (others)
  453 fulminant prisms
  82 fungi
  117 plants
652 creatures vanquished.

Grand Total: 1101 creatures vanquished

Notes
Turn   | Place    | Note
-------+----------+-------------------------------------------
     0 | D:1      | ooooo the Octopode Conjurer began the quest for the Orb.
     0 | D:1      | Reached XP level 1. HP: 11/11 MP: 3/3
    57 | D:1      | Found a faded altar of an unknown god.
   605 | D:1      | Reached XP level 2. HP: 1/17 MP: 1/5
   646 | D:1      | Learned a level 2 spell: Searing Ray
  1545 | D:2      | Reached XP level 3. HP: 18/21 MP: 2/6
  1546 | D:2      | Reached skill level 5 in Conjurations
  1731 | D:2      | Reached XP level 4. HP: 12/27 MP: 2/7
  2058 | D:2      | Found a burning altar of Makhleb.
  2710 | D:2      | Learned a level 4 spell: Fulminant Prism
  2726 | D:3      | Found an ancient bone altar of Kikubaaqudgha.
  2734 | D:3      | Reached skill level 6 in Conjurations
  3076 | D:3      | Reached XP level 5. HP: 31/31 MP: 8/8
  3248 | D:4      | Reached skill level 1 in Hexes
  3273 | D:4      | Noticed Duvessa
  3281 | D:4      | Noticed Dowan
  3287 | D:4      | Killed Duvessa
  3288 | D:4      | Reached XP level 6. HP: 6/36 MP: 1/9
  3439 | D:4      | Killed Dowan
  3689 | D:4      | Noticed Edmund
  4175 | D:5      | Entered Level 5 of the Dungeon
  4253 | D:5      | Noticed a black bear
  4271 | D:5      | Killed a black bear
  4272 | D:5      | Reached skill level 7 in Conjurations
  4289 | D:5      | Reached XP level 7. HP: 41/41 MP: 4/10
  4399 | D:4      | Killed Edmund
  5205 | D:5      | You fall into a shaft and drop 3 floors!
  5209 | D:8      | Found Suadang's General Store.
  5292 | D:8      | Reached skill level 8 in Conjurations
  5292 | D:8      | Reached skill level 5 in Hexes
  5292 | D:8      | Reached XP level 8. HP: 46/46 MP: 1/11
  5371 | D:8      | Noticed Psyche
  5788 | D:7      | Learned a level 4 spell: Iskenderun's Mystic Blast
  5844 | D:7      | Reached skill level 9 in Conjurations
  5844 | D:7      | Reached skill level 1 in Translocations
  6193 | D:6      | Reached XP level 9. HP: 19/51 MP: 0/12
  6490 | D:6      | Noticed Maggie
  6776 | D:5      | Found a hide-covered altar of Uskayaw.
  6777 | D:5      | Found a shimmering blue altar of Sif Muna.
  6779 | D:5      | Found a sacrificial altar of Ru.
  6782 | D:5      | Found a basalt altar of Yredelemnul.
  6783 | D:5      | Found a glowing golden altar of the Shining One.
  6784 | D:5      | Found a bloodstained altar of Trog.
  6784 | D:5      | Found a hazy altar of Hepliaklqana.
  6785 | D:5      | Found a glowing silver altar of Zin.
  6858 | D:5      | Found a white marble altar of Elyvilon.
  7697 | D:6      | Reached skill level 10 in Conjurations
  7819 | D:6      | Reached skill level 12 in Conjurations
  7819 | D:6      | Reached XP level 10. HP: 56/56 MP: 12/20
  7915 | D:6      | Killed Maggie
  8103 | D:6      | Found a staircase to the Ecumenical Temple.
  8176 | Temple   | Entered the Ecumenical Temple
  8236 | Temple   | Became a worshipper of Gozag Ym Sagoz the Greedy
  8516 | D:8      | Reached skill level 5 in Translocations
  8516 | D:8      | Reached XP level 11. HP: 55/61 MP: 15/21
  8778 | D:8      | Found Doticoc's Armour Boutique.
  8880 | D:8      | Found Moblanit's Weapon Shoppe.
  8945 | D:8      | Found a burning altar of Makhleb.
  8945 | D:8      | Found a shimmering altar of Xom.
  9112 | D:8      | Found Yzxacwirph's Weapon Boutique.
  9181 | D:8      | Killed Psyche
  9526 | D:9      | Noticed a white ugly thing
  9541 | D:9      | Killed a white ugly thing
  9758 | D:9      | Found a staircase to the Lair.
  9954 | D:9      | Found a blossoming altar of Fedhas.
 10174 | Lair:1   | Entered Level 1 of the Lair of Beasts
 10187 | Lair:1   | Reached skill level 13 in Conjurations
 10895 | Lair:1   | Reached skill level 1 in Fighting
 11900 | Lair:2   | Found a staircase to the Shoals.
 12274 | Lair:2   | Noticed a catoblepas
 13083 | Lair:3   | Reached XP level 12. HP: 29/70 MP: 15/23
 13398 | Lair:3   | Reached skill level 1 in Evocations
 13803 | Lair:3   | Found a runed translucent door.
 13806 | Lair:3   | Noticed enile's ghost (journeyman DgAE)
 13912 | Lair:3   | Reached skill level 5 in Stealth
 14189 | Lair:3   | Noticed a seven-headed hydra
 14197 | Lair:3   | Killed a seven-headed hydra
 14431 | Lair:3   | Identified the +5 trident of Brutal Revenge {vorpal, rElec
                  | Will+ Int+6 Dex-2 SInv}
 14962 | Lair:4   | Reached skill level 10 in Hexes
 15155 | Lair:4   | Noticed a death yak
 15155 | Lair:4   | Noticed a death yak
 15159 | Lair:4   | Noticed a death yak
 15169 | Lair:4   | Killed a death yak
 15178 | Lair:4   | Killed a death yak
 15193 | Lair:4   | Noticed Urug
 15280 | Lair:4   | Killed Urug
 15317 | Lair:4   | Killed a death yak
 15318 | Lair:4   | Reached skill level 14 in Conjurations
 15519 | Lair:4   | Found a staircase to the Snake Pit.
 15526 | Lair:4   | Reached XP level 13. HP: 68/78 MP: 25/25
 16372 | Lair:5   | Found a viscous altar of Jiyva.
 16373 | Lair:5   | Found a staircase to the Slime Pits.
 16636 | Lair:5   | Identified the +10 hand axe "Caoc" {protect, rC+}
 17265 | Lair:6   | Entered Level 6 of the Lair of Beasts
 18416 | Lair:6   | Reached skill level 5 in Dodging
 19395 | Lair:6   | Reached XP level 14. HP: 79/86 MP: 26/26
 19851 | Lair:6   | Identified the +1 falchion of Quantum Leap {freeze, rElec
                  | rN+ Str-5}
 19855 | Lair:6   | Reached skill level 1 in Shields
 19875 | Lair:6   | Reached skill level 5 in Fighting
 20308 | Lair:6   | Reached skill level 5 in Evocations
 20773 | D:10     | Entered Level 10 of the Dungeon
 21754 | D:11     | Found a bloodstained altar of Trog.
 21754 | D:11     | Found a staircase to the Orcish Mines.
 22459 | D:11     | Identified the +11 hand axe of Experimentation {freeze, rF-
                  | Int+6}
 22970 | D:11     | Reached skill level 15 in Conjurations
 23510 | D:11     | Reached skill level 10 in Translocations
 23948 | D:11     | Got the Disquisition on Ashen Confrontation
 23954 | D:11     | Identified the +3 ring mail of the Armadillo {rN++ rCorr}
 23955 | D:11     | Identified the +1 scale mail "Zaka Giwirr" {Rampage Fly}
 24083 | D:11     | Learned a level 9 spell: Fire Storm
 24084 | Orc:1    | Entered Level 1 of the Orcish Mines
 24085 | Orc:1    | Found a frozen archway.
 24104 | Orc:1    | Reached skill level 1 in Fire Magic
 24391 | IceCv    | Entered an ice cave
 24433 | IceCv    | Found a transporter.
 24443 | IceCv    | Found a transporter.
 24519 | IceCv    | Killed by an exploding fulminant prism

Illustrated notes

Levels and vault maps discovered:
D:1:      scummos_arrival_checkerplants, layout_basic,
          shapermc_ecumenical_altar_totnotflames
D:2:      layout_loops_cross, basic_altar
D:3:      layout_rooms, mainiacjoe_overflow_cross_hatched
D:4:      layout_cave_pools, abandoned_shop, nrook_mini_vaults, uniq_edmund,
          uniq_duvessa
D:5:      kennysheep_steamy, layout_basic, nicolae_elyvilon_temple_path,
          grunt_temple_overflow_open, kennysheep_generic_room_16
D:6:      nicolae_cairo_tiling_large_dashed, layout_rooms,
          minmay_temple_entry_drinking_statues, minmay_misc_feat_five,
          due_unseen_surprise, uniq_maggie
D:7:      layout_rooms
D:8:      layout_gridville, grunt_temple_overflow_champion_of_chaos,
          serial_shops, shop, nicolae_shop_window_shopping,
          nicolae_shop_behind_doors, shop, chequers_serial_rivers_micro_a,
          uniq_psyche
D:9:      layout_roguey, mainiacjoe_overflow_alcove_1, lair_entry_dummy
D:10:     layout_loops_cross
D:11:     minmay_the_grid_triangle_9x9_recursive_3_mashed
          [minmay_the_grid_triangle_9x9_alien,
          minmay_the_grid_triangle_9x9_intruding_spiral,
          minmay_the_grid_triangle_9x9_empty,
          minmay_the_grid_triangle_9x9_prize_schism,
          minmay_the_grid_triangle_9x9_empty,
          minmay_the_grid_triangle_9x9_dagger,
          minmay_the_grid_triangle_9x9_steps,
          minmay_the_grid_triangle_9x9_minimal,
          minmay_the_grid_triangle_9x9_descending_squares],
          layout_irregular_city, serial_co_window_serial, co_window_corner_a,
          co_window_paths_b, co_window_paths_a, co_window_corner_a,
          co_window_corner_a, co_window_corner_a, co_window_paths_b,
          co_window_corner_b, co_window_cross_3, glass_columns_a,
          glass_columns_c, glass_columns_b, glass_columns_b, glass_columns_c,
          chequers_serial_rivers_small_3, bloody_trog
Temple:   compressed_dpeg_triangle_lava_temple
Lair:1:   layout_regular_city, serial_bayou_shore_a
Lair:2:   layout_cellular_growth, minmay_shoals_entry_hut
Lair:3:   minmay_lair_venomous_thicket, layout_loops_ring,
          gammafunk_ghost_grave, infiniplex_staircase_pool, grunt_megastairs_1
Lair:4:   beast_lair_carwin_large_1, layout_misc_corridors,
          guppyfry_snake_entry_island, enter_volcano_1, grunt_megastairs_5,
          serial_bayou_shore_b, uniq_urug
Lair:5:   layout_regular_city, slime_altar_1, st_stairs_5, serial_bayou_pond_e,
          grunt_megastairs_2, lemuel_fruit_tree, infiniplex_staircase_pool_2
Lair:6:   minmay_lair_end_enchanted_forest, layout_long_grid
Orc:1:    dreamdust_dug_too_deep, layout_caves, portal_ice_cave_rime
IceCv:    ice_cave_statue_garden_transporter

Skill      XL: |  1  2  3  4  5  6  7  8  9 10 11 12 13 14 |
---------------+-------------------------------------------+-----
Conjurations   | 5 6 7 8 9 12 13 14 15 | 15.2
Hexes          | 2 3 5 6 8 9 10 11 | 11.8
Translocations | 2 4 5 6 8 9 10 | 10.0
Spellcasting   | 7 8 9 |  9.1
Stealth        | 4 6 7 8 |  8.7
Fighting       | 2 3 4 5 |  5.5
Dodging        | 3 4 5 6 |  6.0
Evocations     | 3 4 5 |  5.7
Shields        | 2 |  2.5
Fire Magic     | 1 |  1.9

Action                   |  1- 3 |  4- 6 |  7- 9 | 10-12 | 13-15 || total
-------------------------+-------+-------+-------+-------+-------++-------
Melee: Rapier            |    11 |    35 |    18 |    12 |       ||    76
       Unarmed           |     2 |       |       |       |       ||     2
       Constrict         |     4 |     6 |     5 |     4 |     1 ||    20
       Tentacles         |     3 |     3 |     5 |     4 |     3 ||    18
       Punch             |     1 |       |       |     1 |       ||     2
       Trident           |       |       |       |     8 |     6 ||    14
 Cast: Magic Dart        |    17 |     1 |       |       |       ||    18
       Searing Ray       |     5 |    16 |    26 |    16 |    18 ||    81
       Fulminant Prism   |       |     6 |    53 |   133 |   263 ||   455
       Iskenderun's Myst |       |       |     3 |    42 |    76 ||   121
Evoke: Wand              |       |       |       |       |     2 ||     2
       Condenser vane    |       |       |       |       |     1 ||     1
  Use: Scroll            |     3 |     7 |    12 |     5 |     2 ||    29
       Potion            |     1 |     4 |     4 |     1 |     3 ||    13
 Stab: Sleeping          |     3 |     9 |       |       |       ||    12
       Distracted        |       |     1 |       |       |       ||     1
Armor: Skin              |     2 |     2 |     5 |     2 |     1 ||    12
Dodge: Dodged            |    22 |    28 |    43 |    33 |    36 ||   162
Block: Buckler           |       |       |       |       |     4 ||     4

Table legend: (Time is in decaauts)
 A = Elapsed time spent in this place.
 B = Non-inter-level travel time spent in this place.
 C = Inter-level travel time spent in this place.
 D = Time resting spent in this place.
 E = Time spent auto-exploring this place.
 F = Levels seen in this place.
 G = Mean time per level.
                   A        B        C        D        E       F      G
               +--------+--------+--------+--------+--------+-----+--------+
         Total |  24553 |  22847 |   1706 |   7317 |  10649 |  20 | 1227.7 |
       Dungeon |  13451 |  12737 |    714 |   3594 |   6405 |  11 | 1222.8 |
        Temple |     70 |     44 |     26 |      0 |     38 |   1 |   70.0 |
          Lair |  10596 |   9630 |    966 |   3430 |   4206 |   6 | 1766.0 |
  Orcish Mines |    306 |    306 |      0 |    266 |      0 |   1 |  306.0 |
      Ice Cave |    127 |    127 |      0 |     27 |      0 |   1 |  127.0 |
               +--------+--------+--------+--------+--------+-----+--------+

Top non-repeatable levels by time:
    D:11: 2203 daAuts
  Lair:5: 2177 daAuts
  Lair:6: 2117 daAuts
  Lair:2: 1992 daAuts
     D:7: 1513 daAuts
  Lair:1: 1495 daAuts
  Lair:3: 1466 daAuts
     D:1: 1445 daAuts
  Lair:4: 1347 daAuts
     D:2: 1253 daAuts
     D:3: 1159 daAuts
     D:4: 1155 daAuts
    D:10: 1108 daAuts
     D:5: 1089 daAuts
     D:8: 1035 daAuts
